cohdb
Replays
Latest Replays
All Replays
Popular Replays
Top Player Replays
Match Explorer
How It Works
Community
CoH3 Stats
Reddit
Sign in to upload your games and track your stats! →
Sign in with Steam
Match 25289556
Unlisted
Match 25289556
Overview
Messages
Build Orders
End
Construct Barracks
Riflemen Squad
Riflemen Squad
Riflemen Squad
Infantry Support Center
Construct Medical Station
Selects Advanced Infantry Battlegroup
Selects Convert to Ranger Squad
Convert to Ranger Squad
Advanced Logistics
Selects Designate Assault Position
Convert to Ranger Squad
Construct Weapon Support Center
Bazooka Squad
Improved M9 Bazooka Rockets
Convert to Ranger Squad
Selects Ranger Weapon Training
Zerg
ConcernedApe
馬格南警官
KoRneY
0
0
Comments
sign in to comment!
No comments posted yet!